 Dungeon Crawl Stone Soup version 0.20.0-4-g10b340a (webtiles) character file.

334 straycat the Cutter (level 6, -1/46 HPs)
             Began as a Vampire Wanderer on May 27, 2017.
             Slain by a mummy (15 damage)
             ... in an ossuary.
             The game lasted 00:34:45 (4586 turns).

straycat the Cutter (Vampire Wanderer)              Turns: 4586, Time: 00:34:46

Health: -1/46      AC:  6    Str: 12    XL:     6   Next: 27%
Magic:  7/8        EV: 13    Int: 14    God:
Gold:   96         SH:  0    Dex: 15    Spells: 4/7 levels left

rFire    . . .     SeeInvis +   D - +1 hunting sling (flame)
rCold    + . .     Gourm    .   (no shield)
rNeg     + + .     Faith    .   t - +0 leather armour
rPois    +         Spirit   .   (no helmet)
rElec    .         Reflect  .   (no cloak)
rCorr    .         Harm     .   u - +1 pair of gloves
MR       .....                  G - +0 pair of boots
Stlth    +++.......             (no amulet)
Regen    0.1/turn               (no ring)
MPRegen  0.2/turn               (no ring)

@: regenerating slowly
A: fangs 3, see invisible, unbreathing
a: Bat Form


You were in an ossuary.
You were thirsty.

You visited 1 branch of the dungeon, and saw 4 of its levels.
You also visited: Ossuary.

You collected 96 gold pieces.

Inventory:

Hand Weapons
 a - a +3 dagger
 d - a +0 shortbow
 h - a +0 quarterstaff
 i - a +0 spear
 r - a +0 hunting sling
 w - a +0 short sword
 x - a +0 hand axe
 z - a +0 trident
 A - a +0 dagger of speed
 D - a +1 hunting sling of flaming (weapon)
 I - a +0 dagger of venom
Missiles
 e - 27 arrows
 g - 77 stones
 m - 6 sling bullets (quivered)
 n - 42 poisoned needles
 B - 37 bolts
 J - 3 tomahawks
Armour
 c - a +0 ring mail
 t - a +0 leather armour (worn)
 u - a +1 pair of gloves (worn)
 y - a +0 chain mail
 G - a +0 pair of boots (worn)
Jewellery
 o - a +5 ring of evasion {unknown}
 q - an uncursed ring of teleportation
 E - an uncursed ring of stealth {unknown}
 K - an uncursed amulet of guardian spirit {unknown}
Scrolls
 l - 2 scrolls of identify
 p - a scroll of enchant weapon
 s - a scroll of fog {unknown}
 F - a scroll of teleportation {unknown}
Potions
 b - a potion of heal wounds
 f - 8 potions of blood
 j - a potion of resistance
 H - a potion of lignification
Books
 v - a book of Minor Magic

   Spells                             Type                      Level
   a - Magic Dart                     Conjuration                  1
   b - Blink                          Translocation                2
   c - Call Imp                       Summoning                    2
   d - Slow                           Hexes                        2
   e - Conjure Flame                  Conjuration/Fire             3
   f - Mephitic Cloud                 Conjuration/Poison/Air       3


   Skills:
 + Level 2.4 Fighting
 * Level 4.2 Short Blades
 - Level 1.5 Bows
 * Level 4.0 Dodging
 - Level 3.0 Stealth
 + Level 1.4 Spellcasting
   Level 3.2 Necromancy
   Level 1.0 Air Magic


You had 4 spell levels left.
You knew the following spells:

 Your Spells              Type           Power        Failure   Level  Hunger
a - Magic Dart            Conj           #...         32%         1    ##.....
b - Slow                  Hex            #.......     43%         2    ###....


Dungeon Overview and Level Annotations

Branches:
Dungeon (4/15)
 Temple: D:4-7

Altars:
Okawaru


Innate Abilities, Weirdness & Mutations

You heal slowly.
You have razor-sharp teeth.
You have supernaturally acute eyesight. (SInv)
You can survive without breathing.


Message History

Your Dodging skill increases to level 4!
You have reached level 6!
Your experience leads to an increase in your attributes!
Increase (S)trength, (I)ntelligence, or (D)exterity?
You feel agile.
Firing (i - inventory. (,) - cycle):
m - 8 sling bullets (quivered)
Press: ? - help, Shift-Dir - straight line, f - mummy
Aim: a mummy (severely damaged)
You shoot a sling bullet. The sling bullet hits the mummy!
The sling bullet burns the mummy.
You destroy the mummy!
You see here a stone.
Firing (i - inventory. (,) - cycle):
m - 7 sling bullets (quivered)
Press: ? - help, Shift-Dir - straight line, f - human zombie
Aim: a human zombie (severely damaged)
You shoot a sling bullet. The sling bullet hits the human zombie.
The sling bullet burns the human zombie.
The human zombie is severely damaged.
The mummy hits you!
You die...

######################
#.............(......#
#.........Z.@........#
#...(...Z8.M8..(.(...#
#...(.....(..(.......#
#..(######..######(.(#
#...# #..# #..(# #...#
#..# #...# #...# #..#
#.(.#
#.(.#ZZZ.......Z.#...#
#..(#Z####.......#...#


You could see a mummy and 2 human zombies.

Vanquished Creatures
  An elf zombie (Ossuary)
  2 orc wizards
  A worker ant (D:2)
  A big kobold zombie (Ossuary)
  A mummy (Ossuary)
  3 gnolls
  2 adders
  An adder zombie (Ossuary)
  5 worms
  A dart slug (D:3)
  5 leopard geckos
  7 orcs
  8 bats
  7 giant cockroaches
  7 goblins
  9 hobgoblins
  9 frilled lizards
  A goblin zombie (Ossuary)
  9 hobgoblin zombies (Ossuary)
  A jackal zombie (Ossuary)
  7 kobolds
  9 kobold zombies (Ossuary)
  8 orc zombies (Ossuary)
  A rat (D:2)
  3 rat zombies (Ossuary)
109 creatures vanquished.

Notes
Turn   | Place    | Note
-------+----------+-------------------------------------------
     0 | D:1      | straycat the Vampire Wanderer began the quest for the Orb.
     0 | D:1      | straycat set off with: a +2 dagger, a potion of heal wounds, a +0 ring mail, a +0 shortbow, 27 arrows, a potion of blood
     0 | D:1      | Reached XP level 1. HP: 15/15 MP: 2/2
   173 | D:1      | Reached skill level 1 in Short Blades
   196 | D:1      | Reached skill level 1 in Dodging
   432 | D:1      | Reached XP level 2. HP: 13/21 MP: 3/3
   949 | D:1      | Reached XP level 3. HP: 26/26 MP: 4/4
  1697 | D:2      | Found a faded altar of an unknown god.
  1756 | D:2      | Learned a level 1 spell: Magic Dart
  1759 | D:2      | Learned a level 2 spell: Slow
  1811 | D:2      | Found an iron altar of Okawaru.
  1934 | D:1      | Reached XP level 4. HP: 8/32 MP: 2/5
  2827 | D:2      | Reached XP level 5. HP: 30/38 MP: 3/6
  3819 | D:4      | Found a sand-covered staircase.
  3830 | Ossuary  | Entered an ossuary
  4187 | Ossuary  | HP: 1/38 [human zombie (6)]
  4571 | Ossuary  | Reached XP level 6. HP: 13/45 MP: 6/8
  4586 | Ossuary  | Slain by a mummy

Skill      XL: |  1  2  3  4  5 |
---------------+----------------+-----
Short Blades   | 1 2 3 4 |  4.2
Dodging        | 1 2 3 4 |  4.0
Fighting       | 2 |  2.4
Bows           | |  1.5
Stealth        | |  3.0
Spellcasting   | |  1.4
Necromancy     | |  3.2
Air Magic      | |  1.0

Action                   |  1- 3 |  4- 6 || total
-------------------------+-------+-------++-------
Melee: Dagger            |   163 |   345 ||   508
       Bite              |     9 |    47 ||    56
 Fire: Hunting sling     |       |    33 ||    33
Throw: Stone             |     2 |     8 ||    10
 Cast: Magic Dart        |     3 |    29 ||    32
  Use: Scroll            |     6 |     3 ||     9
       Potion            |       |    13 ||    13
 Stab: Sleeping          |     3 |     2 ||     5
  Eat: Corpse            |       |     1 ||     1
Armor: Ring mail         |    59 |       ||    59
       Leather armour    |     4 |    67 ||    71
Dodge: Dodged            |    94 |   162 ||   256
